 Dungeon Crawl Stone Soup version 0.30.0-10-gfe55d96785 (webtiles) character file.

Game seed: 1623849076092851510

473 Hubris850 the Chiller (level 7, -2/46 HPs)
             Began as a Merfolk Ice Elementalist on May 15, 2023.
             Succumbed to an orc priest's poison
             ... on level 4 of the Dungeon.
             The game lasted 00:07:45 (2370 turns).

Hubris850 the Chiller (Merfolk Ice Elementalist)    Turns: 2370, Time: 00:07:46

Health: -2/46      AC:  7    Str:  8    XL:     7   Next: 10%
Magic:  7/13       EV: 12    Int: 20    God:
Gold:   167        SH:  0    Dex: 14    Spells: 7/14 levels left

rFire   . . .        f - +2 short sword (venom)
rCold   + . .        (no shield)
rNeg    . . .        q - +1 leather armour {rC+}
rPois   .            o - +1 helmet {Int+3}
rElec   .            (no cloak)
rCorr   .            (no gloves)
SInv    .            s - +0 pair of boots
Will    .....        (no amulet)
Stlth   ++           (no ring)
HPRegen 0.27/turn    (no ring)
MPRegen 0.13/turn

%: no passive effects
@: lethally poisoned (-2 -> -13), freezing walls, very slightly contaminated
A: (nimble swimmer 2), mertail
a: no special abilities


You were on level 4 of the Dungeon.
You visited 1 branch of the dungeon, and saw 4 of its levels.

You collected 167 gold pieces.

Inventory:

Hand Weapons
 c - a +0 mace
 f - a +2 short sword of venom (weapon)
Missiles
 i - 8 poisoned darts
Armour
 a - a +0 robe
 k - a +0 ring mail
 n - a +0 helmet
 o - a +1 helmet of intelligence (worn)
 q - a +1 leather armour of cold resistance (worn)
 s - a +0 pair of boots (worn)
 u - a +0 kite shield
Scrolls
 g - 2 scrolls of identify {unknown}
 h - 2 scrolls of noise {unknown}
 j - 3 scrolls of fear {unknown}
 p - a scroll of poison {unknown}
 v - a scroll of enchant armour {unknown}
Potions
 b - a potion of magic
 e - 3 potions of invisibility {unknown}
 l - a potion of brilliance {unknown}
 m - 3 potions of heal wounds {unknown}
 r - a potion of cancellation {unknown}
 t - a potion of mutation {unknown}


   Skills:
 - Level 4.0 Short Blades
 - Level 3.2 Dodging
 - Level 3.0 Stealth
 + Level 4.1 Spellcasting
 + Level 6.3 Ice Magic


You had 7 spell levels left.
You knew the following spells:

 Your Spells              Type           Power      Damage    Failure   Level
a - Freeze                Ice            100%       1d10      1%          1
b - Frozen Ramparts       Ice            58%        1d9       4%          3
c - Ozocubu's Armour      Ice            29%        N/A       4%          3

Your spell library contained the following spells:

 Spells                   Type           Power      Damage    Failure   Level
 Summon Ice Beast         Ice/Summ       16%        N/A       45%         4


Dungeon Overview and Level Annotations

Branches:
Dungeon (4/15)
 Temple: D:4-7

Altars:

Shops:
D:1 *[===


Innate Abilities, Weirdness & Mutations

((You are very nimble when in or above water. (Stealth+, EV+, Speed+++)))
Your lower body shifts to a powerful aquatic tail in water.


Message History

You hit the orc priest but do no damage.
You punch the orc priest, but do no damage.
The orc priest is moderately wounded.
The orc hits you with a +0 whip.
* * * LOW HITPOINT WARNING * * *
The orc priest completely misses you.
You hit the orc priest but do no damage.
The orc priest looks as sick as possible!
The orc priest is moderately wounded.
The orc priest hits you with a +1 dagger of venom.
* * * LOW HITPOINT WARNING * * *
You are lethally poisoned!
The orc barely misses you.
You feel better. The orc priest closely misses you.
The orc hits you with a +0 whip.
* * * LOW HITPOINT WARNING * * *
Casting: Frozen Ramparts (dangerous; 4% risk of failure)
Confirm with . or Enter, or press ? or * to list all spells.
Casting: Frozen Ramparts (dangerous; 4% risk of failure)
Press: ? - help, Dir - look around, f - activate You miscast Frozen Ramparts.
You are very lightly contaminated with residual magic.
Nothing appears to happen.
The orc priest calls down the wrath of Beogh upon you.
Beogh smites you!
* * * LOW HITPOINT WARNING * * *
The orc barely misses you.
Unknown command.
Casting: Frozen Ramparts (dangerous; 4% risk of failure)
Confirm with . or Enter, or press ? or * to list all spells.
Casting: Frozen Ramparts (dangerous; 4% risk of failure)
Press: ? - help, Dir - look around, f - activate The walls around you are covered in ice.
The wall freezes the orc priest but does no damage.
The orc priest hits you but does no damage.
You are lethally poisoned!
The wall freezes the orc.
The orc hits you but does no damage.
You hit the orc priest.
You kill the orc priest!
You die...

###. #.....#
#.#.#. # .....
.. #.#.# ...
#.# .>#.#.#..
..
#.#.#.#.##.#
#.... #.@).#
##.#.# #.#o.#
#....# #.#..#
#....###.#..#
#.....)..#<..
##.###########
#.........
#.######## #.#


You could see an orc.

Vanquished Creatures
  Grinder (D:3)
  A phantom (D:4)
  A scorpion (D:4)
  2 orc priests
  An orc wizard (D:2)
  An adder (D:3)
  An ufetubus (D:3)
  4 dart slugs
  4 orcs
  6 endoplasms
  3 giant cockroaches
  7 goblins
  6 hobgoblins
  3 quokkas
  5 ball pythons
  2 bats (D:2)
  3 frilled lizards
  5 kobolds
  2 rats
58 creatures vanquished.

Notes
Turn   | Place    | Note
-------+----------+-------------------------------------------
     0 | D:1      | Hubris850 the Merfolk Ice Elementalist began the quest for
                  | the Orb.
     0 | D:1      | Reached XP level 1. HP: 13/13 MP: 3/3
    16 | D:1      | Found Vexuetoi's Antique Armour Emporium.
    19 | D:1      | Found Wyg Ukeo's Jewellery Boutique.
    78 | D:1      | Found Pakeol's Jewellery Shop.
    94 | D:1      | Found Niorha Oseeg's Jewellery Shoppe.
   131 | D:1      | Reached XP level 2. HP: 3/19 MP: 1/5
   434 | D:1      | Found Zaickaon's General Store.
   717 | D:1      | Found a faded altar of an unknown god.
   867 | D:2      | Reached XP level 3. HP: 24/24 MP: 6/6
  1189 | D:2      | Learned a level 3 spell: Frozen Ramparts
  1321 | D:2      | Reached skill level 1 in Short Blades
  1321 | D:2      | Reached XP level 4. HP: 30/30 MP: 7/7
  1444 | D:3      | Reached skill level 5 in Ice Magic
  1603 | D:3      | Reached XP level 5. HP: 30/35 MP: 9/9
  1731 | D:3      | Noticed Grinder
  1750 | D:3      | Killed Grinder
  1751 | D:3      | Reached XP level 6. HP: 11/41 MP: 6/11
  1870 | D:3      | Learned a level 3 spell: Ozocubu's Armour
  2049 | D:4      | Reached skill level 6 in Ice Magic
  2281 | D:4      | Reached XP level 7. HP: 46/46 MP: 8/13
  2368 | D:4      | HP: 1/46 [orc priest/divine providence (12)]
  2370 | D:4      | Succumbed to an orc priest's poison

Illustrated notes

Levels and vault maps discovered:
D:1:      lightli_arrival_statuegarden, layout_basic, serial_shops, shop,
          nicolae_shop_stone, shop_statue, shop, nicolae_square_shop,
          dreamdust_ecumenical_altar_statues, hangedman_decor_opposing
D:2:      layout_rooms, kennysheep_generic_room_7
D:3:      layout_rooms, uniq_grinder
D:4:      layout_basic, minmay_temple_entry_butterflies

Skill      XL: |  1  2  3  4  5  6 |
---------------+-------------------+-----
Dodging        | 3 |  3.2
Short Blades   | 1 2 3 4 |  4.0
Stealth        | 3 |  3.0
Ice Magic      | 5 6 |  6.3
Spellcasting   | 3 4 |  4.1

Action                     |  1- 3 |  4- 6 |  7- 9 || total
---------------------------+-------+-------+-------++-------
  Melee: Mace              |    14 |       |       ||    14
         Short sword       |    33 |    91 |    14 ||   138
         Punch             |     1 |     1 |     2 ||     4
  Throw: Dart              |     1 |       |       ||     1
   Cast: Freeze            |     7 |     7 |       ||    14
         Frozen Ramparts   |       |     3 |     1 ||     4
    Use: Potion            |       |     1 |     1 ||     2
   Stab: Sleeping          |     4 |     3 |     1 ||     8
 Armour: Robe              |     2 |       |       ||     2
         Ring mail         |     3 |       |       ||     3
         Leather armour    |     4 |    34 |     7 ||    45
  Dodge: Dodged            |    31 |    51 |     8 ||    90
